 Dungeon Crawl Stone Soup version 0.28.0 (webtiles) character file.

Game seed: 12397426355595296978

16 jfcaron the Caller (level 2, 0/21 HPs)
             Began as a Barachi Summoner on Feb 13, 2022.
             Was a Follower of Dithmenos.
             Succumbed to a kobold's poison
             ... on level 2 of the Dungeon.
             The game lasted 00:03:17 (988 turns).

jfcaron the Caller (Barachi Summoner)                Turns: 988, Time: 00:03:18

Health: 0/21       AC:  2    Str:  9    XL:     2   Next: 58%
Magic:  4/5        EV: 27    Int: 15    God:    Dithmenos [*.....]
Gold:   53         SH:  0    Dex: 12    Spells: 2/5 levels left

rFire   . . .      SeeInvis .   e - +0 club
rCold   . . .      Faith    .   (no shield)
rNeg    . . .      Spirit   .   a - +0 robe
rPois   .          Reflect  .   (no helmet)
rElec   .          Harm     .   (no cloak)
rCorr   .          Rampage  .   (no gloves)
Will    .....                   (no boots)
Stlth   ++........              c - amulet of the acrobat
HPRegen 0.07/turn               (no ring)
MPRegen 0.09/turn               (no ring)

@: lethally poisoned (0 -> -5), weak-willed, acrobatic, wreathed by umbra, slow
A: amphibious, slowness 1, strong legs 1, +LOS
a: Hop, Renounce Religion


You were on level 2 of the Dungeon.
You worshipped Dithmenos.
Dithmenos was aware of your devotion.
You visited 1 branch of the dungeon, and saw 2 of its levels.

You collected 53 gold pieces.

Inventory:

Hand Weapons
 e - a +0 club (weapon)
Missiles
 b - 18 arrows
 f - 14 sling bullets
 g - 15 bolts
Armour
 a - a +0 robe (worn)
 d - a +0 chain mail
Jewellery
 c - an amulet of the acrobat (around neck)
Scrolls
 j - a scroll of amnesia
Potions
 h - a potion of haste


   Skills:
 + Level 1.0 Fighting
 + Level 1.0 Armour
 + Level 2.4 Dodging
 - Level 1.7 Stealth
 + Level 2.4 Spellcasting
 + Level 5.0 Summonings


You had 2 spell levels left.
You knew the following spells:

 Your Spells              Type           Power      Damage    Failure   Level
a - Summon Small Mammal   Summ           64%        N/A       2%          1
b - Call Imp              Summ           16%        N/A       4%          2

Your spell library contained the following spells:

 Spells                   Type           Power      Damage    Failure   Level
 Call Canine Familiar     Summ           16%        N/A       9%          3
 Summon Guardian Golem    Hex/Summ       9%         N/A       22%         3
 Summon Lightning Spire   Summ/Air       9%         N/A       58%         4


Dungeon Overview and Level Annotations

Branches:
Dungeon (2/15)

Altars:
Dithmenos

Annotations:
D:2 exclusion: 3 gnolls


Innate Abilities, Weirdness & Mutations

You are amphibious.
You cover ground slowly.
You can hop short distances.
You have an extended range of vision and can be seen from far away.


Message History

HP restored.
A kobold comes into view. It is wielding a +1 dagger of venom.
You see here a scroll of amnesia.
j - a scroll of amnesia
Casting: Call Imp (safe; 4% risk of failure)
Confirm with . or Enter, or press ? or * to list all spells.
A metallic apparition takes form in the air.
The kobold shouts!
You hit the kobold.
The kobold is moderately wounded.
The kobold hits you with a +1 dagger of venom.
You are poisoned.
The kobold barely misses you.
You barely miss the kobold.
The kobold is moderately wounded.
You feel very sick.
The kobold hits you with a +1 dagger of venom.
You are lethally poisoned!
Your iron imp misses the kobold.
You feel very sick.
The kobold hits your iron imp but does no damage.
Your iron imp hits the kobold!
The kobold dies!
Dithmenos accepts your kill.
Your Armour skill increases to level 1!
Okay, then.
Okay, then.
You feel very sick.
* * * LOW HITPOINT WARNING * * *
You feel very sick.
Things that are here:
a +1 dagger of venom; a kobold corpse
Okay, then.
As you read the scroll labelled XUJUEV WYRO, it crumbles to dust.
Magic quickly surges around you.
It was a scroll of vulnerability.
* * * LOW HITPOINT WARNING * * *
You feel sick.
* * * LOW HITPOINT WARNING * * *
You feel sick.
You die...

#..........####..#
#............###....
#.........##...####.#
#.........# ##.# # ..
#.........####.#...
...
##...............# ##
#.........####.####
#........5.........
#.........@........
#..................
#..$.......(.......
##.......##########
##.....# ######


You could see a friendly iron imp (summoned, weak-willed).

Vanquished Creatures
  A dart slug (D:1)
  2 ball pythons
  3 endoplasms (D:1)
  A giant cockroach (D:1)
  A goblin (D:1)
  2 hobgoblins
  A bat (D:1)
  A frilled lizard (D:2)
  A kobold (D:2)
13 creatures vanquished.

Notes
Turn   | Place    | Note
-------+----------+-------------------------------------------
     0 | D:1      | jfcaron the Barachi Summoner began the quest for the Orb.
     0 | D:1      | Reached XP level 1. HP: 13/13 MP: 3/3
   268 | D:1      | Found a faded altar of an unknown god.
   276 | D:1      | Prayed at the altar of an unknown god.
   276 | D:1      | Became a worshipper of Dithmenos the Shadowed
   276 | D:1      | Reached * piety under Dithmenos
   540 | D:1      | Reached XP level 2. HP: 16/20 MP: 1/5
   543 | D:1      | Learned a level 2 spell: Call Imp
   668 | D:1      | Reached skill level 5 in Summonings
   927 | D:2      | Reached skill level 1 in Fighting
   984 | D:2      | Reached skill level 1 in Armour
   985 | D:2      | HP: 4/21 [poisoned by a kobold]
   987 | D:2      | HP: 1/21 [poisoned by a kobold]
   988 | D:2      | Succumbed to a kobold's poison

Illustrated notes

Levels and vault maps discovered:
D:1:      lightli_arrival_flooded_house, layout_loops_ring,
          basic_ecumenical_altar
D:2:      layout_rooms, corexii_leaking_fountain

Skill      XL: |  1  2 |
---------------+-------+-----
Summonings     | 5 |  5.0
Fighting       | 1 |  1.0
Armour         | 1 |  1.0
Dodging        | |  2.4
Stealth        | |  1.7
Spellcasting   | |  2.4

Action                   || total
-------------------------++-------
Melee: Unarmed           ||    13
       Club              ||     9
 Cast: Summon Small Mamm ||    11
       Call Imp          ||     4
  Use: Scroll            ||     3
 Stab: Sleeping          ||     2
Armor: Robe              ||     2
Dodge: Dodged            ||    20
